 Dungeon Crawl Stone Soup version 0.19.3-4-gbf9329e (console) character file.

319537 Kloppie the Slayer (level 20, -10/198 HPs)
             Began as a Green Draconian Berserker on Jan 28, 2017.
             Was the Champion of Trog.
             Mangled by a stone giant (20 damage)
             ... on level 5 of the Vaults.
             The game lasted 01:10:53 (34405 turns).

Kloppie the Slayer (Green Draconian Berserker)     Turns: 34405, Time: 01:10:53

Health: -10/198    AC: 18    Str: 22    XL:     20   Next: 94%
Magic:  6/6        EV: 35    Int:  8    God:    Trog [******]
Gold:   295        SH: 24    Dex: 19    Spells: 0 memorised, 19 levels left

rFire  + . .     SeeInvis .     a - +4 broad axe (antimagic)
rCold  + . .     Gourm    .     (armour unavailable)
rNeg   + + +     Faith    .     s - +2 large shield
rPois  +         Spirit   .     t - +0 hat {MR+}
rElec  +         Reflect  .     D - +1 cloak of Starlight {rElec rC+ EV+4 Stlth--}
rCorr  .         Harm     .     u - +2 pair of gloves "Tash" {rN+}
MR     ++++.     Clarity  +     R - +1 pair of boots of Otham {Dex+2}
Stlth  ..........               Q - amulet of regeneration
                                W - ring "Renis" {rF+ rN++}
                                e - +5 ring of evasion

@: regenerating
A: breathe noxious fumes, unfitting armour, stinger 1, talons 1, clarity, poison
resistance, shaggy fur 1, wild magic 2, cold-blooded, AC +10
a: Breathe Noxious Fumes, Berserk, Trog's Hand, Brothers in Arms, Burn
Spellbooks, Renounce Religion
}: 1/15 runes: serpentine


You were on level 5 of the Vaults.
You worshipped Trog.
Trog was exalted by your worship.
You were not hungry.

You visited 5 branches of the dungeon, and saw 32 of its levels.
You visited 1 bazaar.
You also visited: Labyrinth and Ossuary.

You collected 3208 gold pieces.
You spent 2913 gold pieces at shops.

Inventory:

Hand Weapons
 a - a +4 antimagic broad axe (weapon)
 b - a +4 broad axe of electrocution
 f - a +3 broad axe of flaming
 V - a +9 broad axe of freezing
Armour
 s - a +2 large shield (worn)
 t - a +0 hat of magic resistance (worn)
 u - the +2 pair of gloves "Tash" (worn) {rN+}
   (You found it on level 4 of the Lair of Beasts)

   It protects you from negative energy.
 D - the +1 cloak of Starlight (worn) {rElec rC+ EV+4 Stlth--}
   (You found it on level 5 of the Dungeon)

   It affects your evasion (+4).
   It protects you from cold.
   It insulates you from electricity.
   It makes you much less stealthy.
 R - the +1 pair of boots of Otham (worn) {Dex+2}
   (You bought it in a shop on level 2 of the Vaults)

   It affects your dexterity (+2).
Jewellery
 e - a +5 ring of evasion (left hand)
 h - an uncursed ring of flight
 A - an uncursed amulet of guardian spirit
 Q - an amulet of regeneration (around neck)
 W - the ring "Renis" (right hand) {rF+ rN++}
   (You found it on level 3 of the Vaults)

   [ring of protection from fire]

   It protects you from fire.
   It greatly protects you from negative energy.
 Y - the ring of Poyc {rCorr Stlth+}
   (You acquired it on level 4 of the Vaults)

   [ring of resist corrosion]

   It makes you more stealthy.
Wands
 j - a wand of heal wounds (5/9)
 n - a wand of digging (11/24)
 p - a wand of disintegration (14/24)
 v - a wand of heal wounds (3/9)
 F - a wand of hasting (4/9)
Scrolls
 d - 5 scrolls of recharging
 k - 10 scrolls of teleportation
 q - 5 scrolls of remove curse
 y - 5 scrolls of fear
 G - 9 scrolls of identify
 H - 2 scrolls of magic mapping
 I - 2 scrolls of fog
 T - a scroll of holy word
 U - a scroll of silence
Potions
 g - 7 potions of curing
 i - 4 potions of resistance
 m - 4 potions of haste
 r - 2 potions of invisibility
 w - 6 potions of flight
 z - 9 potions of heal wounds
 E - 4 potions of cancellation
 J - 2 potions of cure mutation
 M - 4 potions of lignification
 O - 4 potions of might
Miscellaneous
 S - a box of beasts
Comestibles
 c - 37 royal jellies
 l - 11 meat rations
 o - 3 slices of pizza
 x - 2 chunks of flesh
 L - 50 fruits
 N - 12 beef jerkies
 P - 21 bread rations


   Skills:
 - Level 21.1 Fighting
 - Level 18.0 Axes
 - Level 17.5 Dodging
 + Level 18.3 Shields


You had 19 spell levels left.
You didn't know any spells.

Dungeon Overview and Level Annotations

Branches:
Dungeon (15/15)            Temple (0/1) D:6            Lair (6/6) D:11
 Shoals (0/4) Lair:3        Snake (4/4) Lair:4        Slime (0/5) Lair:5
    Orc (2/2) D:9             Elf (0/3) Orc:2        Vaults (5/5) D:13
  Crypt (0/3) Vaults:2     Depths (0/5) D:15

Altars:
Ashenzari
Cheibriados
Elyvilon
Fedhas
Nemelex Xobeh
Qazlal
Sif Muna
Yredelemnul
Zin
The Shining One
Beogh

Shops:
D:9 *   D:13 *   Orc:2 [*(:   Snake:1 [   Snake:2 ?   Vaults:2 =!![[

Portals:
Trove: Vaults:1 (give +5 demon blade)

Annotations:
Lair:2 exclusion: oklob plant
Lair:5 exclusion: oklob plant
Vaults:5 Clownie's ghost, veteran FoGl


Innate Abilities, Weirdness & Mutations

You can breathe blasts of noxious fumes.
Your lurid green scales are hard. (AC +10)
You cannot fit into any form of body armour.
Your tail ends in a poisonous barb.
Your system is resistant to poisons. (rPois)
You are cold-blooded and may be slowed by cold attacks.
You have sharp toenails.
You possess an exceptional clarity of mind.
You are covered in fur. (AC +1)
Your spells are harder to cast, but more powerful.


Message History

You hit the stone giant but do no damage.
You hit the ettin. You completely miss the tengu reaver.
You hit the yaktaur captain but do no damage.
You barely miss Clownie's ghost.
You hit the stone giant but do no damage.
You block the ettin's attack. x2
The stone giant hits you but does no damage.
Clownie's ghost completely misses you. The vault warden misses you.
You closely miss the vault warden. You tail-slap the vault warden.
The vault warden is almost dead.
You hit the stone giant. You hit the ettin.
The tengu reaver blocks your attack.
You slice the yaktaur captain!! You barely miss Clownie's ghost.
You hit the stone giant.
The water nymph changes into a hydra!
You block the ettin's attack.
The ettin hits you with a dire flail of holy wrath!!!
* * * LOW HITPOINT WARNING * * *
You block the yaktaur captain's attack.
Clownie's ghost hits you but does no damage.
The stone giant hits you!!
You die...

.....#....#.#.
....#.....#.#
...#....#.#.
.......(..#
#####........#.
......uD...D...
......CpC<.....
.....cW@CL<.2..
.....(cQ<<.....
#####........##
#.C...*.....
#..#....#...
..##....# ..
..# #....# .
#.. #....#


You could see an ancient lich, a purple very ugly thing, a fire dragon, 2 stone
giants, a vault warden, a tengu reaver, a yaktaur captain, a seven-headed hydra
shaped shifter, a green death, 2 ettins, a yaktaur, a battlesphere and Clownie's
ghost.

Vanquished Creatures
  Sojobo (Vaults:3)
  Boris (Vaults:2)
  Xtahua (Vaults:2)
  Nikola (Vaults:2)
  3 liches
  The ghost of cba the Imperceptible, an adept OpAs of Dithmenos (Snake:1)
  A titan (Vaults:4)
  A sphinx (Vaults:4)
  A storm dragon (Vaults:4)
  Gastronok (Lair:2)
  A shadow dragon (Vaults:2)
  11 nagarajas (Snake:4)
  2 fire giants
  4 tengu reavers
  11 vault wardens
  2 frost giants (Vaults:4)
  A deep elf sorcerer (Vaults:4)
  Louise (D:15)
  An orc warlord (Orc:1)
  3 very ugly things
  A ghoul (Vaults:2)
  13 ironheart preservers
  12 stone giants
  A deep elf demonologist (Vaults:5)
  2 deep elf annihilators (Vaults:1)
  Azrael (D:13)
  Snorg (Lair:5)
  Josephine (Orc:1)
  A minotaur (Lab)
  2 ettins
  15 ogre magi
  The ghost of Angani the Crack Shot, a journeyman CeHu of Okawaru (Lair:4)
  12 yaktaur captains
  5 great orbs of eyes
  33 vault guards
  3 rakshasas
  4 ice dragons
  4 hydras
  24 naga warriors
  The ghost of Jerry the Covert, a journeyman VSFi of Uskayaw (Orc:2)
  The ghost of Blank the Fighter, a novice MiFi of Okawaru (D:9)
  8 anacondas
  8 centaur warriors
  2 death knights
  A deep troll shaman (Vaults:4)
  Urug (D:15)
  A deep troll earth mage (Vaults:2)
  An orc high priest (Orc:2)
  8 shock serpents
  A tengu warrior (D:13)
  27 naga sharpshooters
  Nergalle (Orc:2)
  2 salamander mystics
  5 deep elf knights
  An unseen horror (shapeshifter) (Vaults:4)
  4 shadow wraiths
  A skeletal warrior (Vaults:2)
  7 sea snakes
  11 deep trolls
  A flayed ghost (Vaults:3)
  A glowing orange brain (Vaults:3)
  An unseen horror (D:11)
  A death drake (shapeshifter) (Vaults:3)
  3 deep elf archers
  2 phantasmal warriors
  The ghost of gvccisandals the Skirmisher, a novice MiFi (D:7)
  12 naga ritualists
  11 ironbrand convokers
  3 wizards
  4 hill giants
  17 mana vipers
  5 harpies
  14 deep elf magi
  The ghost of reezer the Slasher, a novice DsBe of Trog (Ossuary)
  Pikel (D:7)
  25 orc knights
  6 wolf spiders
  27 ugly things
  4 orc sorcerers
  10 cyclopes
  5 salamanders
  An elephant (Lair:5)
  36 black mambas
  2 torpor snails
  14 naga magi
  13 vault sentinels
  7 guardian serpents
  2 gargoyles
  12 spiny frogs
  An efreet (D:14)
  2 kobold demonologists
  3 rime drakes
  26 yaktaurs
  8 freezing wraiths
  9 komodo dragons
  A queen bee (shapeshifter) (Vaults:2)
  2 queen bees
  6 meliai
  5 trolls
  A jumping spider (shapeshifter) (Vaults:2)
  A harpy zombie (D:14)
  A tengu simulacrum (Vaults:2)
  A hornet (shapeshifter) (Vaults:4)
  A wolf spider simulacrum (D:14)
  5 hornets
  11 polar bears
  12 slime creatures
  14 blink frogs
  A sphinx simulacrum (Vaults:2)
  32 two-headed ogres
  A fire giant simulacrum (Vaults:2)
  4 dream sheep (Lair:6)
  9 hippogriffs
  4 raiju (Lair:6)
  A redback (shapeshifter) (Vaults:1)
  A vampire (D:13)
  2 shadows
  2 wyverns (D:12)
  52 yaks
  A tarantella (shapeshifter) (Vaults:2)
  11 wraiths
  2 basilisks (Lair:3)
  2 hungry ghosts
  4 vampire mosquitoes (D:15)
  A swamp worm (shapeshifter) (Vaults:2)
  15 wargs
  2 mottled dragons (Vaults:2)
  A yaktaur simulacrum (Vaults:2)
  65 nagas
  A soldier ant (D:8)
  9 water moccasins
  9 hell hounds
  Duvessa (D:7)
  8 porcupines
  A phantom (D:8)
  2 slaves (D:7)
  15 black bears
  40 orc warriors
  A sky beast (D:9)
  An eye of draining (D:14)
  7 ice beasts
  55 ogres
  8 centaurs
  24 wolves
  A big kobold (D:13)
  7 crocodiles
  17 bullfrogs
  A wyvern zombie (D:11)
  Dowan (D:7)
  9 scorpions
  70 killer bees
  An elf simulacrum (Vaults:3)
  14 wights
  9 howler monkeys
  9 electric eels (Snake:1)
  6 centaur skeletons
  10 crimson imps
  24 hounds
  A quasit (D:9)
  2 centaur zombies
  A bullfrog skeleton (D:5)
  6 jellies
  25 orc priests
  22 orc wizards
  6 iguanas
  13 worker ants
  A killer bee zombie (D:5)
  2 hound zombies
  A hound skeleton (D:11)
  A worker ant zombie (D:7)
  A howler monkey zombie (D:7)
  10 gnolls
  18 adders
  3 shadow imps
  2 oozes (D:1)
  An adder skeleton (D:8)
  2 adder zombies
  4 worms
  5 dart slugs
  6 leopard geckos
  77 orcs
  3 ball pythons
  3 giant cockroaches
  8 goblins
  5 hobgoblins
  7 jackals
  7 quokkas
  8 bats
  5 frilled lizards
  A hobgoblin skeleton (Ossuary)
  12 kobolds
  A kobold zombie (Ossuary)
  4 orc skeletons (Ossuary)
  An orc zombie (Ossuary)
  A quokka zombie (D:7)
  9 rats
  A fungus (Lair:3)
  6 plants
1495 creatures vanquished.

Vanquished Creatures (collateral kills)
  A naga warrior (Snake:4)
  A naga ritualist (Snake:4)
  2 nagas (Snake:4)
4 creatures vanquished.

Vanquished Creatures (others)
  Asterion (Vaults:3)
  A killer bee (D:14)
  2 howler monkeys (D:7)
  An orc wizard (Orc:2)
  A bush (Lair:5)
  12 fungi
  21 plants
39 creatures vanquished.

Grand Total: 1538 creatures vanquished

Notes
Turn   | Place    | Note
-------+----------+-------------------------------------------
     0 | D:1      | Kloppie the Draconian Berserker began the quest for the Orb.
     0 | D:1      | Reached XP level 1. HP: 19/19 MP: 1/1
    98 | D:1      | Reached XP level 2. HP: 15/26 MP: 2/2
   227 | D:1      | Reached skill level 4 in Fighting
   383 | D:1      | Reached XP level 3. HP: 33/33 MP: 3/3
   392 | D:1      | Reached ** piety under Trog
  1062 | D:2      | Found a snail-covered altar of Cheibriados.
  1117 | D:2      | Reached XP level 4. HP: 29/41 MP: 4/4
  1242 | D:2      | Found a glowing silver altar of Zin.
  1501 | D:2      | Reached skill level 5 in Fighting
  1817 | D:3      | Found a faded altar of an unknown god.
  2210 | D:3      | Reached XP level 5. HP: 39/48 MP: 5/5
  2590 | D:3      | Reached *** piety under Trog
  2597 | D:3      | Reached skill level 6 in Fighting
  2775 | D:4      | Noticed an ogre
  2783 | D:4      | Killed an ogre
  2783 | D:4      | Reached XP level 6. HP: 58/58 MP: 6/6
  3056 | D:4      | Reached skill level 5 in Axes
  3112 | D:4      | Got a jewelled war axe
  3678 | D:4      | Identified the +10 war axe "Jellyslayer" {chop, Int+7} (You found it on level 4 of the Dungeon)
  3686 | D:4      | Gained mutation: Your system is resistant to poisons. (rPois) [potion of mutation]
  3686 | D:4      | Gained mutation: You possess an exceptional clarity of mind. [potion of mutation]
  3686 | D:4      | Gained mutation: Your spells are a little harder to cast, but a little more powerful. [potion of mutation]
  3760 | D:4      | Reached skill level 7 in Fighting
  3761 | D:4      | Gained mutation: Your spells are harder to cast, but more powerful. [potion of beneficial mutation]
  3762 | D:4      | Gained mutation: You have sharp toenails. [potion of beneficial mutation]
  3768 | D:5      | Entered Level 5 of the Dungeon
  3785 | D:5      | Your scales start taking on a lurid green colour.
  3785 | D:5      | Reached XP level 7. HP: 66/66 MP: 7/7
  3785 | D:5      | Mutation became permanent: Your system is resistant to poisons. (rPois) [Green Draconian growth]
  3824 | D:5      | Found a sand-covered staircase.
  3827 | Ossuary  | Entered an ossuary
  3881 | Ossuary  | Reached skill level 8 in Fighting
  3921 | Ossuary  | Noticed a flying skull
  3921 | Ossuary  | Noticed a wraith
  3933 | Ossuary  | Noticed reezer's ghost (novice DsBe)
  3935 | Ossuary  | Noticed a flying skull
  3936 | Ossuary  | Noticed a flying skull
  3949 | Ossuary  | Killed reezer's ghost
  3949 | Ossuary  | Reached XP level 8. HP: 74/74 MP: 8/8
  4016 | Ossuary  | Noticed a flying skull
  4025 | Ossuary  | Reached skill level 5 in Dodging
  4054 | Ossuary  | Noticed a flying skull
  4325 | D:5      | Found a deep blue altar of Sif Muna.
  4489 | D:5      | Found a stormy altar of Qazlal.
  4490 | D:5      | Found a white marble altar of Elyvilon.
  4553 | D:6      | Found a staircase to the Ecumenical Temple.
  4840 | D:6      | Reached **** piety under Trog
  4859 | D:6      | Reached XP level 9. HP: 77/81 MP: 9/9
  4993 | D:6      | Found a deep blue altar of Sif Muna.
  5095 | D:5      | Found a sparkling altar of Nemelex Xobeh.
  5135 | D:7      | Noticed Pikel
  5148 | D:7      | Killed Pikel
  5268 | D:7      | Noticed gvccisandals's ghost (novice MiFi)
  5284 | D:7      | Killed gvccisandals's ghost
  5324 | D:7      | Noticed Duvessa
  5327 | D:7      | Noticed Dowan
  5331 | D:7      | Killed Duvessa
  5332 | D:7      | Killed Dowan
  5781 | D:8      | Reached skill level 1 in Shields
  5810 | D:8      | Reached XP level 10. HP: 89/89 MP: 10/10
  5829 | D:8      | Found a shattered altar of Ashenzari.
  5842 | D:8      | Reached ***** piety under Trog
  5974 | D:8      | Found a blossoming altar of Fedhas.
  5986 | D:8      | Found a basalt altar of Yredelemnul.
  6026 | D:8      | Reached skill level 5 in Shields
  6299 | D:8      | Found a glowing golden altar of the Shining One.
  6330 | D:8      | Reached skill level 10 in Axes
  6684 | D:9      | Found a staircase to the Orcish Mines.
  6820 | D:9      | Noticed Blank's ghost (novice MiFi)
  6837 | D:9      | Killed Blank's ghost
  6837 | D:9      | Reached skill level 9 in Fighting
  7332 | D:9      | Received a gift from Trog
  7380 | D:9      | Found Puluf's Assorted Antiques.
  7441 | D:9      | Bought a fuming inky potion for 26 gold pieces
  7441 | D:9      | Bought a fuming inky potion for 26 gold pieces
  7441 | D:9      | Bought a scroll of identify for 58 gold pieces
  7441 | D:9      | Bought 2 fuming green potions for 52 gold pieces
  7441 | D:9      | Bought a scroll of identify for 58 gold pieces
  7660 | D:9      | Reached XP level 11. HP: 99/99 MP: 11/11
  7673 | D:10     | Entered Level 10 of the Dungeon
  7688 | D:10     | Reached skill level 10 in Fighting
  8421 | D:11     | Killed an unseen horror
  8421 | D:11     | Reached skill level 11 in Fighting
  8447 | D:11     | Noticed a hill giant
  8462 | D:11     | Killed a hill giant
  8635 | D:11     | Found a staircase to the Lair.
  8672 | D:11     | Noticed a four-headed hydra
  8821 | Lair:1   | Entered Level 1 of the Lair of Beasts
  8833 | Lair:1   | Reached skill level 12 in Fighting
  9018 | Lair:1   | Reached XP level 12. HP: 79/113 MP: 12/12
  9020 | Lair:1   | Reached skill level 13 in Fighting
  9972 | Lair:2   | Noticed Gastronok
  9985 | Lair:2   | Killed Gastronok
 10083 | Lair:2   | Reached skill level 14 in Fighting
 10703 | Lair:3   | Received a gift from Trog
 10735 | Lair:3   | Noticed a six-headed hydra
 10745 | Lair:3   | Killed a six-headed hydra
 11061 | Lair:3   | Found a staircase to the Shoals.
 11233 | Lair:3   | Reached skill level 15 in Fighting
 11530 | Lair:4   | Found a staircase to the Snake Pit.
 11595 | Lair:4   | Reached XP level 13. HP: 127/127 MP: 13/13
 11666 | Lair:4   | Noticed Angani's ghost (journeyman CeHu)
 11674 | Lair:4   | Killed Angani's ghost
 11785 | Lair:4   | Got a pair of steaming gloves
 11796 | Lair:4   | Identified the +2 pair of gloves "Tash" {rN+} (You found it on level 4 of the Lair of Beasts)
 12097 | Lair:5   | Noticed Snorg
 12359 | Lair:5   | Killed Snorg
 12807 | Lair:5   | Reached skill level 10 in Dodging
 12832 | Lair:5   | Received a gift from Trog
 12953 | Lair:5   | Found a staircase to the Slime Pits.
 13373 | Lair:6   | Entered Level 6 of the Lair of Beasts
 14198 | Lair:6   | Reached ****** piety under Trog
 14200 | Lair:6   | Received a gift from Trog
 14203 | Lair:6   | Gained mutation: Your tail ends in a poisonous barb. [Green Draconian growth]
 14203 | Lair:6   | Reached XP level 14. HP: 117/135 MP: 14/14
 14686 | Orc:1    | Entered Level 1 of the Orcish Mines
 14693 | Orc:1    | Noticed Josephine
 14708 | Orc:1    | Killed Josephine
 14865 | Orc:2    | Entered Level 2 of the Orcish Mines
 15295 | Orc:2    | Noticed an orc warlord
 15556 | Orc:1    | Killed an orc warlord
 15556 | Orc:1    | Reached skill level 15 in Axes
 15607 | Orc:1    | Reached skill level 16 in Fighting
 15625 | Orc:2    | Received a gift from Trog
 15665 | Orc:2    | Noticed Nergalle
 15772 | Orc:2    | Killed Nergalle
 15842 | Orc:2    | Found a roughly hewn altar of Beogh.
 15951 | Orc:2    | Noticed Jerry's ghost (journeyman VSFi)
 15982 | Orc:2    | Killed Jerry's ghost
 16092 | Orc:2    | Found Mupseu's Antique Armour Boutique.
 16096 | Orc:2    | Found Tydyh Sir's General Store.
 16105 | Orc:2    | Found Lefis's Antique Weapon Boutique.
 16150 | Orc:2    | Bought a scroll of enchant weapon for 90 gold pieces
 16166 | Orc:2    | Bought a faintly humming buckler for 332 gold pieces
 16176 | Orc:2    | Identified the +1 buckler of Fashionability {+Fly Dex+7} (You bought it in a shop on level 2 of the Orcish Mines)
 16339 | Orc:2    | Found a staircase to the Elven Halls.
 16450 | Orc:2    | Found Zuonetama's Book Boutique.
 17417 | D:13     | Noticed Azrael
 17422 | D:13     | Killed Azrael
 17468 | D:13     | Received a gift from Trog
 17687 | D:13     | Reached skill level 17 in Fighting
 17700 | D:13     | Found Xogililo's Blood Bar.
 17859 | D:13     | Found a gate to the Vaults.
 18464 | D:14     | Reached XP level 15. HP: 136/147 MP: 5/15
 18486 | D:14     | Received a gift from Trog
 19092 | D:15     | Entered Level 15 of the Dungeon
 19110 | D:15     | Found a labyrinth entrance.
 19122 | Lab      | Entered a labyrinth
 19467 | Lab      | Identified the Papyrus of Earth and Unholy Rites
 19530 | D:15     | Noticed Urug
 19550 | D:15     | Noticed Louise
 19554 | D:15     | Killed Urug
 19580 | D:15     | Killed Louise
 19694 | D:15     | Found a blossoming altar of Fedhas.
 19959 | D:15     | Found a staircase to the Depths.
 20230 | Snake:1  | Entered Level 1 of the Snake Pit
 20243 | Snake:1  | Received a gift from Trog
 20903 | Snake:1  | Noticed cba's ghost (adept OpAs)
 20931 | Snake:1  | Killed cba's ghost
 21057 | Snake:1  | Found Qossodit's Antique Armour Shop.
 21065 | Snake:1  | Bought a pair of translucent gloves for 256 gold pieces
 21075 | Snake:1  | Identified the cursed -4 pair of gloves of Naojint {rElec Slay+3} (You bought it in a shop on level 1 of the Snake Pit)
 21527 | Snake:2  | Reached skill level 18 in Fighting
 21539 | Snake:2  | Received a gift from Trog
 21703 | Snake:2  | Identified the Volume of Toxic Translocation
 21705 | Snake:2  | Found Hontal's Magic Scroll Boutique.
 21727 | Snake:2  | Bought a scroll of enchant weapon for 135 gold pieces
 21727 | Snake:2  | Bought a scroll of enchant weapon for 135 gold pieces
 21755 | Snake:2  | Reached XP level 16. HP: 129/157 MP: 16/16
 22519 | Snake:3  | Found a flickering gateway to a bazaar.
 22539 | Bazaar   | Entered a bazaar
 22542 | Bazaar   | Found Xuggyir's General Store.
 22547 | Bazaar   | Bought a scroll of remove curse for 48 gold pieces
 22555 | Bazaar   | Found Min Meidil's Armour Shop.
 22568 | Bazaar   | Found Laitsuef's Gadget Shop.
 22597 | Bazaar   | Found Kimuqit's Book Shop.
 22949 | Snake:3  | Received a gift from Trog
 23354 | Snake:4  | Entered Level 4 of the Snake Pit
 23369 | Snake:4  | Reached skill level 10 in Shields
 24290 | Snake:4  | Received a gift from Trog
 24502 | Snake:4  | Reached XP level 17. HP: 70/166 MP: 17/17
 24599 | Snake:4  | Received a gift from Trog
 25611 | Snake:4  | Got a serpentine rune of Zot
 25753 | Snake:4  | Received a gift from Trog
 25775 | Snake:4  | Reached skill level 15 in Shields
 26406 | Vaults:1 | Entered Level 1 of the Vaults
 26430 | Vaults:1 | Received a gift from Trog
 26754 | Vaults:1 | Reached XP level 18. HP: 147/173 MP: 18/18
 26837 | Vaults:1 | Received a gift from Trog
 27286 | Vaults:1 | Found a portal to a secret trove of treasure.
 27675 | Vaults:1 | Reached skill level 15 in Dodging
 27913 | Vaults:1 | Received a gift from Trog
 28139 | Vaults:2 | Noticed Boris
 28184 | Vaults:2 | Killed Boris
 28355 | Vaults:2 | Found Lios's Distillery.
 28375 | Vaults:2 | Bought 2 potions of heal wounds for 160 gold pieces
 28376 | Vaults:2 | Found Ypseng's Antique Armour Boutique.
 28398 | Vaults:2 | Bought a pair of faintly humming boots for 446 gold pieces
 28408 | Vaults:2 | Identified the +1 pair of boots of Otham {Dex+2} (You bought it in a shop on level 2 of the Vaults)
 28424 | Vaults:2 | Found Vomile's Antique Armour Boutique.
 28465 | Vaults:2 | Bought a glowing hat for 390 gold pieces
 28538 | Vaults:2 | Identified a scroll of acquirement
 28866 | Vaults:2 | Received a gift from Trog
 28927 | Vaults:2 | Found a staircase to the Crypt.
 28927 | Vaults:2 | Noticed Nikola
 28936 | Vaults:2 | Killed Nikola
 28936 | Vaults:2 | Reached XP level 19. HP: 141/180 MP: 19/19
 29778 | Vaults:2 | Found Losiho's Distillery.
 29779 | Vaults:2 | Noticed Xtahua
 29792 | Vaults:2 | Killed Xtahua
 29805 | Vaults:2 | Found Girphoucw's Jewellery Shoppe.
 29820 | Vaults:2 | Bought a potion of beneficial mutation for 665 gold pieces
 29820 | Vaults:2 | Gained mutation: You are covered in fur. (AC +1) [potion of beneficial mutation]
 29832 | Vaults:2 | Bought a cursed -3 ring of intelligence for 36 gold pieces
 29946 | Vaults:3 | Reached skill level 19 in Fighting
 29968 | Vaults:3 | Noticed Asterion
 29985 | Vaults:3 | Killed Asterion
 30033 | Vaults:3 | Noticed a lich
 30040 | Vaults:3 | Received a gift from Trog
 30043 | Vaults:3 | Paralysed by a lich for 4 turns
 30053 | Vaults:3 | Killed a lich
 30336 | Vaults:3 | Got a slimy lapis lazuli ring
 30337 | Vaults:3 | Identified the ring "Renis" {rF+ rN++} (You found it on level 3 of the Vaults)
 30371 | Vaults:3 | Identified the Collected Works on Mutagenic Unholy Rituals
 30439 | Vaults:3 | Reached skill level 20 in Fighting
 31050 | Vaults:3 | Noticed Sojobo
 31076 | Vaults:3 | Killed Sojobo
 31260 | Vaults:3 | Reached XP level 20. HP: 195/195 MP: 6/20
 31630 | Vaults:4 | Reached skill level 21 in Fighting
 31875 | Vaults:4 | Received a gift from Trog
 32225 | Vaults:4 | Got a crude granite ring
 32226 | Vaults:4 | Identified the ring of Poyc {rCorr Stlth+} (You acquired it on level 4 of the Vaults)
 32615 | Vaults:4 | Received a gift from Trog
 33066 | Vaults:5 | Entered Level 5 of the Vaults
 33066 | Vaults:5 | Noticed Clownie's ghost (veteran FoGl)
 33492 | Vaults:4 | Received a gift from Trog
 34039 | Vaults:5 | Noticed a golden dragon
 34398 | Vaults:5 | Noticed an ancient lich
 34405 | Vaults:5 | Mangled by a stone giant

Skill      XL: |  1  2  3  4  5  6  7  8  9 10 11 12 13 14 15 16 17 18 19 20 |
---------------+-------------------------------------------------------------+-----
Fighting       | 4 5 6 7 8 9 12 15 17 18 20 21 | 21.1
Axes           | 4 5 6 7 9 10 12 13 14 15 18 | 18.0
Dodging        | 4 6 8 11 12 13 16 17 | 17.5
Shields        | 2 5 12 15 18 | 18.3

Action                   |  1- 3 |  4- 6 |  7- 9 | 10-12 | 13-15 | 16-18 | 19-21 || total
-------------------------+-------+-------+-------+-------+-------+-------+-------++-------
Melee: Hand axe          |    97 |   189 |       |       |       |       |       ||   286
       Tailslap          |     8 |    29 |    23 |    67 |   288 |   229 |   261 ||   905
       War axe           |       |    11 |   148 |   512 |    58 |       |       ||   729
       Kick              |       |     3 |    21 |       |       |       |       ||    24
       Morningstar       |       |       |       |     6 |    24 |       |       ||    30
       Broad axe         |       |       |       |       |  1374 |  1238 |  1153 ||  3765
Invok: Berserk           |       |     4 |     3 |     4 |    11 |     4 |     6 ||    32
       Trog's Hand       |       |     2 |     1 |     2 |     7 |     9 |     7 ||    28
       Brothers in Arms  |       |       |       |       |       |     2 |       ||     2
Evoke: Wand              |       |       |       |       |       |     2 |       ||     2
  Use: Scroll            |       |     5 |    12 |    17 |    16 |     9 |     8 ||    67
       Potion            |       |     5 |       |     3 |     4 |       |     6 ||    18
 Stab: Sleeping          |     1 |       |     1 |       |       |       |       ||     2
       Distracted        |       |       |       |       |     1 |     1 |       ||     2
  Eat: Chunk             |     1 |    11 |    12 |    22 |    43 |    15 |    22 ||   126
       Royal jelly       |       |       |       |       |     2 |     4 |     1 ||     7
       Pizza             |       |       |       |       |     1 |       |       ||     1
       Meat ration       |       |       |       |       |       |     2 |     1 ||     3
Armor: Skin              |    30 |    59 |    20 |   102 |   179 |    91 |    82 ||   563
Dodge: Dodged            |    81 |   144 |   154 |   477 |  1537 |   768 |   696 ||  3857
Block: Buckler           |       |       |     3 |   135 |   430 |    14 |       ||   582
       Shield            |       |       |       |       |       |   654 |   271 ||   925
       Large shield      |       |       |       |       |       |       |   583 ||   583
